 Dungeon Crawl Stone Soup version 0.30.1-4-g462c640d31 (webtiles) character file.

Game seed: 6660109417252112019

333 Zeor the Slasher (level 6, -13/50 (52) HPs)
             Began as a Draconian Monk on Sept 5, 2023.
             Mangled by a wight
             ... wielding a +2 great sword
              (16 damage)
             ... on level 4 of the Dungeon.
             The game lasted 00:06:48 (2366 turns).

Zeor the Slasher (Draconian Monk)                   Turns: 2366, Time: 00:06:49

HP:   -13/50 (52)   AC:  8    Str: 13    XL:     6   Next: 27%
MP:   6/6           EV: 13    Int: 10    God:
Gold: 198           SH:  0    Dex: 16    Spells: 5/5 levels left

rFire   . . .        a - +0 falchion (venom)
rCold   + . .        c - orb {light}
rNeg    . . .        (body armour unavailable)
rPois   .            (helmet restricted)
rElec   .            i - +0 cloak {Will+}
rCorr   .            k - +0 pair of gloves
SInv    .            (no boots)
Will    +....        (no amulet)
Stlth   +            e - ring of protection from cold
HPRegen 0.28/turn    (no ring)
MPRegen 0.10/turn

%: no passive effects
@: glowing, lightly drained
A: AC +6, unfitting armour, cold-blooded
a: no special abilities


You were on level 4 of the Dungeon.
You visited 1 branch of the dungeon, and saw 4 of its levels.

You collected 198 gold pieces.

Inventory:

Hand Weapons
 a - a +0 falchion of venom (weapon)
 l - a +0 great sword
Missiles
 f - 8 poisoned darts (quivered)
Armour
 c - an orb of light (worn)
 i - a +0 cloak of willpower (worn)
 k - a +0 pair of gloves (worn)
Jewellery
 e - a ring of protection from cold (left hand)
Scrolls
 g - a scroll of blinking
 h - a scroll of teleportation
Potions
 b - a potion of ambrosia
 d - a potion of attraction


   Skills:
 + Level 3.8 Fighting
 * Level 6.3 Long Blades
 + Level 0.1 Throwing
 * Level 3.6 Dodging


You had 5 spell levels left.
You didn't know any spells.
Your spell library contained the following spells:

 Spells                   Type           Power      Damage    Failure   Level
 Freeze                   Ice            0%         1d3       36%         1
 Frozen Ramparts          Ice            0%         1d1       75%         3
 Hailstorm                Conj/Ice       0%         3d3       75%         3


Dungeon Overview and Level Annotations

Branches:
Dungeon (4/15)
 Temple: D:4-7

Altars:


Innate Abilities, Weirdness & Mutations

Your plain brown scales are hard. (AC +6)
You cannot fit into any form of body armour.
You are cold-blooded and may be slowed by cold attacks.


Message History

An orc comes into view. It is wielding a +0 dagger.
Things that are here:
a +4 dagger; a +0 robe You hit the wight but do no damage.
You tail-slap the wight.
The wight is moderately damaged.
The wight hits you with a +0 mace!
It was a potion of curing.
You feel better. The wight hits you with a +0 mace.
You hit the wight. You tail-slap the wight.
The wight is severely damaged.
The wight completely misses you.
You hit the wight.
The wight is almost destroyed.
The wight barely misses you.
You hit the wight.
You destroy the wight!
You hit the wight.
The wight is lightly damaged.
The wight hits you with a +2 great sword!!
You feel drained.
You are too injured to fight recklessly!
You barely miss the wight.
Your tail-slap misses the wight.
The wight is lightly damaged.
The wight misses you.
You hit the wight but do no damage.
The wight is lightly damaged.
The wight barely misses you.
You hit the wight but do no damage.
The wight is lightly damaged.
The wight hits you with a +2 great sword.
You hit the wight.
The wight is lightly damaged.
The wight closely misses you.
You hit the wight but do no damage.
The wight is lightly damaged.
The wight hits you with a +2 great sword!!
* * * LOW HITPOINT WARNING * * *
You hit the wight but do no damage.
The wight is lightly damaged.
The wight hits you with a +2 great sword!
You die...

▒▒ ∙∙∙▒ ∙
∙∙∙∙∙▒▒▒▒▒▒▒▒▒ ∙∙
∙∙∙∙[∙∙∙∙>∙∙∙▒ ∙∙∙
∙▒∙∙∙∙∙<∙∙∙∙∙▒ ∙∙∙
∙∙∙∙∙∙∙∙∙∙∙∙∙▒ ∙∙
∙▒▒∙▒∙∙∙∙∙∙∙∙▒▒▒▒▒▒∙▒
▒ ▒▒∙∙∙∙∙∙oKzd[∙∙∙▒
▒∙∙∙∙∙∙∙▒▒▒▒▒▒▒▒
▒▒▒▒∙▒∙▒▒▒
▒∙∙∙∙∙▒▒▒▒▒
▒∙∙∙∙∙∙∙∙∙▒
▒∙∙▒∙?∙▒▒▒∙∙
∙∙∙∙∙∙∙∙∙∙∙▒
∙▒▒∙▒▒▒∙∙Ko∙∙∙∙ ∙∙∙
∙∙∙∙∙∙▒▒▒


You could see a wight, an orc and a kobold.

Vanquished Creatures
  3 wights (D:4)
  A hound (D:4)
  4 gnolls (D:3)
  3 adders
  2 worms
  A dart slug (D:1)
  An orc (D:2)
  2 ball pythons
  8 endoplasms
  8 giant cockroaches
  4 goblins
  3 hobgoblins
  10 jackals
  2 quokkas
  6 bats
  3 frilled lizards
  4 kobolds
  6 rats
71 creatures vanquished.

Notes
Turn   | Place    | Note
-------+----------+-------------------------------------------
     0 | D:1      | Zeor the Draconian Monk began the quest for the Orb.
     0 | D:1      | Reached XP level 1. HP: 19/19 MP: 1/1
   215 | D:1      | Reached XP level 2. HP: 23/26 MP: 2/2
   834 | D:2      | Reached XP level 3. HP: 30/31 MP: 3/3
   843 | D:2      | Reached skill level 4 in Long Blades
  1228 | D:2      | Reached XP level 4. HP: 36/39 MP: 4/4
  1503 | D:3      | Reached skill level 5 in Long Blades
  1775 | D:3      | Reached XP level 5. HP: 40/46 MP: 5/5
  2256 | D:4      | Reached skill level 6 in Long Blades
  2256 | D:4      | Reached XP level 6. HP: 28/52 MP: 6/6
  2366 | D:4      | Mangled by a wight

Illustrated notes

Levels and vault maps discovered:
D:1:      spicycebolla_arrival_clurvy, layout_loops_ring, minmay_door_square,
          minmay_misc_feat_rows
D:2:      layout_rooms, hangedman_decor_opposing, kennysheep_flooded_box
D:3:      cheibrodos_helix_gallery, layout_basic, kennysheep_boxes
D:4:      layout_rooms, serial_shops, shop, nicolae_nh_oracle_at_delphi

Skill      XL: |  1  2  3  4  5 |
---------------+----------------+-----
Long Blades    | 4 5 6 |  6.3
Dodging        | 3 |  3.6
Fighting       | |  3.8
Throwing       | |  0.1

Action                     |  1- 3 |  4- 6 || total
---------------------------+-------+-------++-------
  Melee: Falchion          |    89 |    93 ||   182
         Tailslap          |    12 |    15 ||    27
  Throw: Dart              |       |     2 ||     2
    Use: Scroll            |     6 |     1 ||     7
         Potion            |       |     1 ||     1
 Armour: Skin              |    33 |    18 ||    51
  Dodge: Dodged            |    65 |    54 ||   119
